Map: Ascension to Aiur LE

Players

Beastyqt

  • Race: Terran Terran
  • League: Grandmaster
  • Spawn Location: 11:00

A.I. 1 (Very Easy) - Winner!

  • Race: Protoss Protoss
  • Spawn Location: 5:00

VOD

https://www.youtube.com/watch?v=5nbMJgaj3uQ

Description

Time

  • Played on: Dec. 13, 2017, 1:03 p.m.
  • Length: 16:21
Show
View Real Time Build Order
Export as new Build Order

Beastyqt Terran 

Build Orders: Cyclone Opening, Gas First Reaper Expand, Reaper Expand, Mech 

Get SALT Encoding   

  12  0:01  SCV  
  13  0:13  SCV  
  14  0:17  Supply Depot  
  14  0:25  SCV  
  15  0:30  Refinery  
  15  0:39  SCV  
  16  0:46  Barracks  
  16  0:51  SCV  
  17  1:03  SCV  
  18  1:15  SCV  
  19  1:32  Orbital Command  
  19  1:33  Reaper  
  20  1:45  Command Center  
  20  1:57  Factory  
  20  2:00  SCV  
  20  2:07  Barracks Reactor  
  20  2:11  Supply Depot  
  20  2:14  SCV  
  21  2:19  Refinery  
  21  2:26  SCV  
  22  2:39  SCV  
  23  2:49  Cyclone  
  23  2:51  SCV  
  27  2:57  Orbital Command  
  27  3:03  SCV, Cyclone  
  31  3:14  Barracks Tech Lab  
  31  3:15  SCV  
  32  3:23  SCV  
  33  3:28  SCV  
  33  3:31  Command Center  
  33  3:35  SCV  
  33  3:40  SCV  
  35  3:42  Siege Tank  
  35  3:46  Supply Depot, Marine  
  35  3:48  SCV  
  40  3:52  SCV  
  41  4:00  SCV  
  42  4:03  Bunker  
  42  4:04  SCV  
  42  4:05  Marine  
  44  4:10  Refinery  
  44  4:11  Refinery  
  44  4:12  Supply Depot, SCV  
  48  4:17  Siege Tank  
  48  4:18  SCV  
  49  4:24  SCV  
  49  4:30  SCV  
  51  4:34  Supply Depot  
  51  4:36  SCV  
  51  4:37  Barracks Tech Lab  
  52  4:42  SCV  
  52  4:43  Factory  
  52  4:45  Factory  
  53  4:48  Orbital Command  
  53  4:50  SCV  
  54  4:56  SCV  
  54  4:59  Siege Tank  
  58  5:02  SCV  
  58  5:06  Supply Depot  
  59  5:08  SCV  
  60  5:15  SCV x2, Engineering Bay  
  60  5:20  SCV  
  63  5:26  Hellion x2  
  63  5:27  SCV  
  69  5:31  Siege Tank  
  69  5:32  SCV  
  69  5:33  Orbital Command  
  75  5:35  Siege Tank  
  75  5:39  SCV  
  76  5:44  SCV, Missile Turret  
  77  5:50  Armory  
  77  5:51  SCV  
  77  5:53  Armory  
  77  5:56  SCV, Hellion x2  
  83  6:00  Supply Depot  
  83  6:01  SCV  
  83  6:03  SCV  
  85  6:05  Missile Turret  
  85  6:07  Supply Depot  
  85  6:08  SCV  
  85  6:10  Siege Tank  
  89  6:12  Siege Tank  
  89  6:13  SCV  
  93  6:20  Refinery  
  93  6:21  SCV x2, Refinery  
  93  6:24  Supply Depot  
  93  6:25  SCV  
  96  6:30  Supply Depot, Hellion  
  98  6:36  Factory  
  98  6:37  Factory  
  98  6:38  SCV  
  98  6:39  Starport  
  99  6:41  SCV  
  99  6:42  SCV  
  99  6:45  Siege Tank  
  104  6:48  Siege Tank  
  104  6:50  SCV  
  108  6:54  Supply Depot  
  108  6:55  Supply Depot  
  108  6:56  SCV  
  108  6:59  Terran Vehicle Weapons Level 1  
  108  7:00  Terran Vehicle And Ship Armor Level 1  
  108  7:01  SCV  
  110  7:06  Supply Depot, SCV  
  111  7:12  Hellion x2  
  111  7:13  Infernal Pre-Igniter  
  111  7:15  Smart Servos  
  115  7:16  SCV  
  115  7:17  Supply Depot  
  115  7:20  Starport Reactor  
  115  7:22  Factory Reactor, Factory Tech Lab  
  116  7:23  SCV  
  116  7:24  SCV  
  118  7:36  Sensor Tower, Missile Turret  
  118  7:37  Missile Turret  
  118  7:38  Supply Depot  
  118  7:39  Supply Depot, Missile Turret  
  118  7:40  Missile Turret  
  118  7:41  Supply Depot  
  118  7:43  Siege Tank  
  121  7:46  Siege Tank  
  121  7:48  Siege Tank  
  127  7:55  Hellion  
  127  7:56  Missile Turret x2  
  129  8:01  Viking x2  
  129  8:04  Supply Depot  
  133  8:10  Hellion  
  133  8:11  Hellion  
  137  8:14  Hellion  
  137  8:15  Siege Tank  
  142  8:22  Liberator  
  142  8:23  Command Center  
  142  8:24  Liberator, Siege Tank  
  145  8:31  Supply Depot, Siege Tank  
  145  8:32  Hellion  
  150  8:35  Hellion  
  158  8:43  Missile Turret  
  158  8:44  Hellion  
  158  8:45  Hellion  
  162  8:50  Siege Tank  
  162  8:53  Hellion  
  167  8:55  Supply Depot  
  167  8:56  Hellion  
  167  8:59  Terran Vehicle Weapons Level 2  
  167  9:00  Hellion  
  171  9:03  Hellion  
  171  9:06  Terran Vehicle And Ship Armor Level 2  
  173  9:10  Hellion  
  173  9:12  Liberator  
  173  9:13  Hellion  
  173  9:15  Hellion  
  179  9:18  Hellion  
  179  9:19  Supply Depot  
  179  9:22  Siege Tank  
  179  9:23  Hellion  
  186  9:25  Hellion  
  191  9:32  Hellion  
  191  9:34  Command Center  
  193  9:43  Hellion x2  
  193  9:44  Siege Tank  
  200  9:53  Starport x2  
  200  9:55  Fusion Core  
  200  10:16  Planetary Fortress  
  200  10:18  Refinery  
  200  10:20  Refinery  
  200  10:31  Command Center  
  200  10:32  Command Center  
  200  10:34  Command Center  
  200  12:04  Planetary Fortress  
  200  12:05  Orbital Command x2  
  200  13:24  Supply Depot  
Show
View Real Time Build Order
Export as new Build Order

A.I. 1 (Very Easy) Protoss - Winner!

Build Orders:  

Get SALT Encoding   

  12  0:00  Probe  
  13  0:13  Probe  
  14  0:20  Pylon  
  14  0:37  Assimilator  
  14  0:43  Gateway  
  14  0:47  Pylon  
  14  1:15  Assimilator  
  14  1:28  Probe  
  14  1:30  Zealot  
  17  1:35  Cybernetics Core  
  17  1:40  Probe  
  18  1:52  Probe  
  19  2:04  Probe  
  20  2:11  Warp Gate  
  20  2:16  Probe  
  21  2:28  Probe  
  22  2:44  Stalker  
  24  7:19  Adept, Probe  
  24  7:20  Pylon  
  24  7:22  Robotics Facility  
  27  7:24  Nexus  
  27  7:31  Probe  
  28  7:43  Probe  
  29  7:55  Probe  
  25  8:07  Probe  
  25  8:10  Observer  
  27  8:13  Stalker  
  29  8:31  Observer  
  30  8:37  Probe  
  31  8:44  Assimilator  
  31  8:45  Probe  
  31  8:48  Assimilator  
  32  8:52  Probe  
  33  8:59  Probe  
  34  9:06  Probe  
  34  9:07  Zealot  
  37  9:13  Probe  
  38  9:20  Probe  
  39  9:28  Probe  
  40  9:35  Probe  
  41  9:42  Probe  
  42  9:49  Probe  
  43  9:56  Probe  
  44  10:03  Probe  
  45  10:11  Probe  
  46  10:18  Probe  
  46  10:21  Pylon  
  47  10:25  Probe  
  48  12:43  Warp Prism  
  50  12:45  Stalker  
  50  12:47  Gateway  
  50  12:48  Robotics Bay  
  50  12:51  Stargate  
  52  12:53  Pylon  
  52  13:11  Sentry  
  54  13:19  Warp Prism  
  50  13:35  Observer Gravitic Boosters  
  50  13:38  Zealot, Gateway  
  53  13:55  Observer  
  53  14:04  Stalker  
  55  14:33  Gravitic Drive  
  55  14:55  Nexus  
  55  16:21  Assimilator  
Tags
 
Add a new tag
Caveats
  • Supply blocks, unpowered buildings, or Contaminate may cause inaccurate times.
  • Supply counts are checked every 10 seconds.